[ AOE2 MATCH · #506630440 ]
UnrankedByzantines vs Ethiopians
[ REPLAY ANALYSIS · EXTRACTED FROM THE RECORDED GAME ]
Feudal
12:01
Castle
26:10
Imperial
47:32
| APM avg | 51.5 |
| APM peak | 82 |
| eAPM avg | 27.1 |
| Villagers / military | 163 / 113 |
Focus
⚔️ 31.8% · 🌾 68.2%
Camel Scout ×53 · Skirmisher ×47 · Bombard Cannon ×6 · Monk ×2 · Mangonel ×2 · Spearman ×2
Feudal
9:17
Castle
21:31
Imperial
55:37
| APM avg | 49.1 |
| APM peak | 93 |
| eAPM avg | 28.9 |
| Villagers / military | 173 / 140 |
Focus
⚔️ 37.8% · 🌾 62.2%
Archer ×73 · Shotel Warrior ×34 · Battering Ram ×24 · Mangonel ×3 · Knight ×2 · Spearman ×2
Match map
Initial resources + every placement click. Lines = walls · curves = elevation contours. ◆ gold · ⬟ stone · ● berries · ✦ relic · ◌ wall gap
Your base· Open — opponent sealed themselves in
AlmaFuerte1228's base· ✓ Closed at 21:31 · 51t walls · 1 gate(s)
Smoothed initial terrain · ◌ = detected wall gap · hover for details
Inputs per minute
— SUMMER - - AlmaFuerte1228
Build order — SUMMER
First 150 of 465 actions detected
| 0:01 | Create | Villager (Male) |
| 0:01 | Create | Villager (Male) |
| 0:03 | Build | House |
| 0:03 | Create | Villager (Male) |
| 0:04 | Build | House |
| 0:05 | Create | Villager (Male) |
| 0:05 | Create | Villager (Male) |
| 1:25 | Create | Villager (Male) |
| 1:25 | Create | Villager (Male) |
| 1:54 | Build | Lumber Camp |
| 2:08 | Create | Villager (Male) |
| 2:08 | Create | Villager (Male) |
| 2:24 | Create | Villager (Male) |
| 2:24 | Create | Villager (Male) |
| 2:57 | Create | Villager (Male) |
| 2:57 | Create | Villager (Male) |
| 3:16 | Create | Villager (Male) |
| 3:17 | Create | Villager (Male) |
| 3:38 | Build | House |
| 3:39 | Build | House |
| 3:46 | Create | Villager (Male) |
| 3:46 | Create | Villager (Male) |
| 3:46 | Create | Villager (Male) |
| 4:02 | Create | Villager (Male) |
| 4:02 | Create | Villager (Male) |
| 4:32 | Create | Villager (Male) |
| 4:32 | Create | Villager (Male) |
| 5:16 | Create | Villager (Male) |
| 5:19 | Create | Villager (Male) |
| 5:19 | Create | Villager (Male) |
| 5:42 | Create | Villager (Male) |
| 5:44 | Create | Villager (Male) |
| 5:44 | Create | Villager (Male) |
| 5:53 | Build | Mill |
| 6:29 | Create | Villager (Male) |
| 7:05 | Create | Villager (Male) |
| 7:06 | Create | Villager (Male) |
| 7:08 | Create | Villager (Male) |
| 7:13 | Create | Villager (Male) |
| 7:16 | Create | Villager (Male) |
| 7:17 | Create | Villager (Male) |
| 7:27 | Create | Villager (Male) |
| 7:27 | Create | Villager (Male) |
| 7:31 | Create | Villager (Male) |
| 7:31 | Create | Villager (Male) |
| 7:36 | Create | Villager (Male) |
| 7:40 | Create | Villager (Male) |
| 7:40 | Create | Villager (Male) |
| 7:48 | Build | House |
| 8:37 | Build | Palisade Wall |
| 9:19 | Research | Loom |
| 9:20 | Research | Feudal Age |
| 9:38 | Build | Palisade Wall |
| 9:51 | Build | Lumber Camp |
| 10:52 | Build | Farm |
| 10:52 | Build | Farm |
| 10:53 | Build | Farm |
| 10:53 | Build | Farm |
| 11:07 | Build | Palisade Wall |
| 11:23 | Build | Palisade Wall |
| 11:28 | Create | Villager (Male) |
| 11:35 | Build | Palisade Wall |
| 11:43 | Build | Palisade Wall |
| 11:48 | Create | Villager (Male) |
| 11:52 | Build | Palisade Wall |
| 11:55 | Build | Palisade Wall |
| 12:01 | Age | Feudal Age |
| 12:06 | Research | Double-Bit Axe |
| 12:06 | Research | Double-Bit Axe |
| 12:14 | Build | Palisade Wall |
| 12:24 | Build | House |
| 12:30 | Create | Villager (Male) |
| 12:30 | Create | Villager (Male) |
| 12:40 | Build | Barracks |
| 12:58 | Build | Palisade Wall |
| 13:04 | Build | House |
| 13:11 | Create | Villager (Male) |
| 13:15 | Create | Spearman |
| 13:15 | Create | Spearman |
| 13:22 | Build | Palisade Wall |
| 13:27 | Create | Villager (Male) |
| 13:38 | Build | Archery Range |
| 13:47 | Create | Villager (Male) |
| 13:59 | Create | Villager (Male) |
| 14:06 | Build | Farm |
| 14:12 | Create | Villager (Male) |
| 14:15 | Create | Skirmisher |
| 14:15 | Create | Skirmisher |
| 14:28 | Create | Villager (Male) |
| 14:36 | Build | House |
| 14:39 | Build | Farm |
| 14:39 | Build | Farm |
| 14:45 | Create | Skirmisher |
| 14:51 | Create | Villager (Male) |
| 14:51 | Create | Villager (Male) |
| 15:00 | Build | Farm |
| 15:01 | Create | Skirmisher |
| 15:04 | Build | House |
| 15:10 | Build | Palisade Wall |
| 15:13 | Build | Farm |
| 15:16 | Create | Villager (Male) |
| 15:16 | Create | Villager (Male) |
| 15:22 | Build | Mining Camp |
| 15:24 | Create | Skirmisher |
| 15:25 | Create | Skirmisher |
| 15:28 | Build | Palisade Wall |
| 15:49 | Create | Villager (Male) |
| 15:50 | Create | Villager (Male) |
| 15:50 | Create | Villager (Male) |
| 16:02 | Build | House |
| 16:25 | Build | Blacksmith |
| 16:34 | Create | Skirmisher |
| 16:34 | Create | Skirmisher |
| 16:41 | Create | Villager (Male) |
| 16:41 | Create | Villager (Male) |
| 17:07 | Create | Villager (Male) |
| 17:17 | Build | Mining Camp |
| 17:25 | Build | Watch Tower |
| 17:43 | Research | Fletching |
| 17:43 | Research | Fletching |
| 17:44 | Create | Villager (Male) |
| 17:46 | Build | House |
| 18:07 | Create | Villager (Male) |
| 18:20 | Create | Villager (Male) |
| 18:24 | Research | Padded Archer Armor |
| 18:24 | Research | Padded Archer Armor |
| 18:24 | Create | Villager (Male) |
| 18:25 | Create | Villager (Male) |
| 18:25 | Create | Villager (Male) |
| 19:13 | Build | Farm |
| 19:14 | Create | Villager (Male) |
| 19:23 | Create | Villager (Male) |
| 19:35 | Create | Skirmisher |
| 19:35 | Create | Skirmisher |
| 19:38 | Build | Farm |
| 19:38 | Create | Villager (Male) |
| 20:00 | Build | Watch Tower |
| 20:11 | Create | Villager (Male) |
| 20:14 | Build | Farm |
| 20:15 | Create | Villager (Male) |
| 20:15 | Create | Villager (Male) |
| 20:16 | Create | Villager (Male) |
| 20:26 | Create | Villager (Male) |
| 20:27 | Create | Villager (Male) |
| 20:37 | Create | Villager (Male) |
| 20:44 | Build | Watch Tower |
| 20:47 | Create | Villager (Male) |
| 20:47 | Create | Villager (Male) |
| 21:14 | Create | Villager (Male) |
| 21:15 | Create | Villager (Male) |
Build order — AlmaFuerte1228
First 150 of 467 actions detected
| 0:01 | Create | Villager (Male) |
| 0:01 | Create | Villager (Male) |
| 0:02 | Build | House |
| 0:05 | Build | House |
| 0:15 | Create | Villager (Male) |
| 0:15 | Create | Villager (Male) |
| 1:29 | Create | Villager (Male) |
| 1:30 | Create | Villager (Male) |
| 1:56 | Build | Lumber Camp |
| 2:03 | Create | Villager (Male) |
| 2:03 | Create | Villager (Male) |
| 2:18 | Create | Villager (Male) |
| 2:18 | Create | Villager (Male) |
| 2:49 | Create | Villager (Male) |
| 3:16 | Create | Villager (Male) |
| 3:17 | Create | Villager (Male) |
| 3:37 | Create | Villager (Male) |
| 3:38 | Build | House |
| 3:56 | Build | Mill |
| 4:12 | Create | Villager (Male) |
| 4:12 | Create | Villager (Male) |
| 5:00 | Create | Villager (Male) |
| 5:00 | Create | Villager (Male) |
| 5:00 | Create | Villager (Male) |
| 5:45 | Research | Loom |
| 6:14 | Create | Villager (Male) |
| 6:21 | Create | Villager (Male) |
| 6:21 | Research | Loom |
| 7:07 | Research | Feudal Age |
| 7:50 | Build | Mining Camp |
| 7:55 | Create | Villager (Male) |
| 8:09 | Build | House |
| 8:11 | Build | Barracks |
| 9:17 | Age | Feudal Age |
| 9:24 | Research | Double-Bit Axe |
| 9:30 | Build | Archery Range |
| 9:38 | Create | Villager (Male) |
| 9:58 | Build | Palisade Wall |
| 10:01 | Build | Palisade Wall |
| 10:05 | Build | Palisade Wall |
| 10:09 | Create | Villager (Male) |
| 10:10 | Create | Spearman |
| 10:12 | Create | Archer |
| 10:21 | Build | House |
| 10:28 | Create | Villager (Male) |
| 10:34 | Create | Archer |
| 10:49 | Build | House |
| 11:05 | Build | House |
| 11:08 | Build | House |
| 11:11 | Create | Archer |
| 11:14 | Create | Villager (Male) |
| 11:25 | Build | House |
| 11:26 | Create | Villager (Male) |
| 11:27 | Build | Farm |
| 11:30 | Create | Spearman |
| 11:36 | Create | Archer |
| 11:46 | Build | House |
| 11:47 | Build | Farm |
| 12:14 | Create | Villager (Male) |
| 12:24 | Create | Villager (Male) |
| 12:27 | Build | House |
| 12:29 | Build | Palisade Wall |
| 12:30 | Build | Farm |
| 12:32 | Build | Palisade Wall |
| 12:40 | Create | Villager (Male) |
| 12:44 | Build | Farm |
| 12:48 | Build | Palisade Wall |
| 12:55 | Build | Palisade Wall |
| 13:01 | Create | Villager (Male) |
| 13:01 | Create | Archer |
| 13:13 | Create | Archer |
| 13:29 | Create | Villager (Male) |
| 13:31 | Build | Farm |
| 13:32 | Create | Villager (Male) |
| 13:41 | Build | Farm |
| 13:59 | Create | Villager (Male) |
| 14:22 | Build | Blacksmith |
| 14:23 | Create | Villager (Male) |
| 14:29 | Create | Villager (Male) |
| 14:32 | Create | Archer |
| 14:33 | Create | Archer |
| 14:57 | Build | Stable |
| 15:01 | Build | Palisade Gate |
| 15:03 | Create | Villager (Male) |
| 15:08 | Build | Palisade Wall |
| 15:19 | Research | Fletching |
| 15:21 | Build | Farm |
| 16:06 | Build | Farm |
| 16:06 | Build | Farm |
| 16:07 | Build | Farm |
| 16:07 | Build | Farm |
| 16:21 | Build | Palisade Wall |
| 16:38 | Build | Watch Tower |
| 16:40 | Create | Villager (Male) |
| 16:44 | Build | Farm |
| 16:45 | Build | Farm |
| 16:45 | Build | Farm |
| 16:45 | Build | Farm |
| 16:45 | Build | Farm |
| 16:46 | Build | Farm |
| 16:51 | Build | House |
| 17:00 | Create | Villager (Male) |
| 17:14 | Build | Palisade Wall |
| 17:29 | Build | Farm |
| 17:30 | Build | Farm |
| 17:33 | Create | Villager (Male) |
| 18:00 | Build | Market |
| 18:01 | Create | Villager (Male) |
| 18:21 | Create | Villager (Male) |
| 18:27 | Build | House |
| 18:40 | Build | House |
| 18:47 | Research | Castle Age |
| 18:48 | Research | Castle Age |
| 18:58 | Build | House |
| 19:14 | Research | Horse Collar |
| 19:19 | Research | Gold Mining |
| 19:29 | Build | Outpost |
| 19:38 | Build | Archery Range |
| 20:13 | Create | Villager (Male) |
| 20:16 | Research | Wheelbarrow |
| 20:18 | Research | Padded Archer Armor |
| 20:21 | Create | Archer |
| 20:21 | Create | Archer |
| 20:52 | Build | Lumber Camp |
| 20:57 | Create | Archer |
| 20:57 | Create | Archer |
| 21:16 | Build | Outpost |
| 21:25 | Create | Villager (Male) |
| 21:31 | Age | Castle Age |
| 21:33 | Create | Villager (Male) |
| 21:36 | Research | Bodkin Arrow |
| 21:50 | Build | Mill |
| 21:51 | Build | Farm |
| 21:52 | Build | Farm |
| 21:52 | Create | Villager (Male) |
| 22:03 | Build | Siege Workshop |
| 22:10 | Build | House |
| 22:10 | Create | Villager (Male) |
| 22:10 | Create | Villager (Male) |
| 22:30 | Create | Villager (Male) |
| 22:42 | Create | Mangonel |
| 22:55 | Build | House |
| 22:55 | Create | Villager (Male) |
| 23:02 | Research | Crossbowman (upgrade) |
| 23:04 | Research | Leather Archer Armor |
| 23:09 | Build | House |
| 23:13 | Build | House |
| 23:15 | Create | Villager (Male) |
| 23:19 | Create | Archer |
| 23:19 | Create | Archer |
Match timeline
| 8:11 | AlmaFuerte1228 · first_building Barracks |
| 8:37 | SUMMER · wall_segment Palisade Wall x9 |
| 9:17 | AlmaFuerte1228 · age_up feudal |
| 9:30 | AlmaFuerte1228 · first_building Archery Range |
| 9:38 | SUMMER · wall_segment Palisade Wall x8 |
| 9:58 | AlmaFuerte1228 · wall_segment Palisade Wall x1 |
| 10:01 | AlmaFuerte1228 · wall_segment Palisade Wall x4 |
| 10:05 | AlmaFuerte1228 · wall_segment Palisade Wall x6 |
| 11:07 | SUMMER · wall_segment Palisade Wall x7 |
| 11:23 | SUMMER · wall_segment Palisade Wall x1 |
| 11:35 | SUMMER · wall_segment Palisade Wall x1 |
| 11:43 | SUMMER · wall_segment Palisade Wall x1 |
| 11:52 | SUMMER · wall_segment Palisade Wall x9 |
| 11:55 | SUMMER · wall_segment Palisade Wall x23 |
| 12:01 | SUMMER · age_up feudal |
| 12:14 | SUMMER · wall_segment Palisade Wall x10 |
| 12:29 | AlmaFuerte1228 · wall_segment Palisade Wall x5 |
| 12:32 | AlmaFuerte1228 · wall_segment Palisade Wall x1 |
| 12:40 | SUMMER · first_building Barracks |
| 12:48 | AlmaFuerte1228 · wall_segment Palisade Wall x1 |
| 12:55 | AlmaFuerte1228 · wall_segment Palisade Wall x11 |
| 12:58 | SUMMER · wall_segment Palisade Wall x1 |
| 13:22 | SUMMER · wall_segment Palisade Wall x3 |
| 13:38 | SUMMER · first_building Archery Range |
| 14:57 | AlmaFuerte1228 · first_building Stable |
| 15:08 | AlmaFuerte1228 · wall_segment Palisade Wall x8 |
| 15:10 | SUMMER · wall_segment Palisade Wall x1 |
| 15:28 | SUMMER · wall_segment Palisade Wall x1 |
| 16:21 | AlmaFuerte1228 · wall_segment Palisade Wall x7 |
| 17:14 | AlmaFuerte1228 · wall_segment Palisade Wall x7 |
| 19:13 | AlmaFuerte1228 · first_market_buy 100 food |
| 21:31 | AlmaFuerte1228 · age_up castle |
| 22:03 | AlmaFuerte1228 · first_building Siege Workshop |
| 25:31 | SUMMER · wall_segment Palisade Wall x1 |
| 25:31 | SUMMER · wall_segment Palisade Wall x2 |
| 25:31 | SUMMER · wall_segment Palisade Wall x1 |
| 25:32 | SUMMER · wall_segment Palisade Wall x1 |
| 25:32 | SUMMER · wall_segment Palisade Wall x1 |
| 25:32 | SUMMER · wall_segment Palisade Wall x1 |
| 25:33 | SUMMER · wall_segment Palisade Wall x1 |
| 26:07 | SUMMER · first_market_buy 100 wood |
| 26:10 | SUMMER · age_up castle |
| 26:13 | SUMMER · first_building Stable |
| 26:39 | AlmaFuerte1228 · first_market_sell 100 food |
| 29:23 | AlmaFuerte1228 · wall_segment Stone Wall x6 |
| 29:25 | AlmaFuerte1228 · wall_segment Stone Wall x5 |
| 30:50 | SUMMER · wall_segment Palisade Wall x1 |
| 33:00 | SUMMER · wall_segment Palisade Wall x1 |
| 33:00 | SUMMER · wall_segment Palisade Wall x1 |
| 33:01 | SUMMER · wall_segment Palisade Wall x1 |
| 33:01 | SUMMER · wall_segment Palisade Wall x2 |
| 33:01 | SUMMER · wall_segment Palisade Wall x1 |
| 33:01 | SUMMER · wall_segment Palisade Wall x1 |
| 33:02 | SUMMER · wall_segment Palisade Wall x1 |
| 34:20 | AlmaFuerte1228 · first_building Castle |
| 36:15 | SUMMER · first_building Siege Workshop |
| 45:27 | SUMMER · wall_segment Palisade Wall x1 |
| 45:27 | SUMMER · wall_segment Palisade Wall x1 |
| 45:28 | SUMMER · wall_segment Palisade Wall x2 |
| 45:28 | SUMMER · wall_segment Palisade Wall x1 |
| 45:29 | SUMMER · wall_segment Palisade Wall x1 |
| 45:34 | SUMMER · first_building Monastery |
| 45:59 | SUMMER · wall_segment Palisade Wall x2 |
| 46:00 | SUMMER · wall_segment Palisade Wall x2 |
| 46:00 | SUMMER · wall_segment Palisade Wall x2 |
| 46:00 | SUMMER · wall_segment Palisade Wall x2 |
| 46:01 | SUMMER · wall_segment Palisade Wall x1 |
| 46:01 | SUMMER · wall_segment Palisade Wall x1 |
| 46:01 | SUMMER · wall_segment Palisade Wall x2 |
| 46:01 | SUMMER · wall_segment Palisade Wall x1 |
| 47:32 | SUMMER · age_up imperial |
| 49:17 | AlmaFuerte1228 · first_building Monastery |
| 52:27 | SUMMER · wall_segment Stone Wall x1 |
| 53:48 | SUMMER · first_building Castle |
| 55:37 | AlmaFuerte1228 · age_up imperial |
| 57:16 | AlmaFuerte1228 · resign |
[ AI ANALYSIS · 1 CREDIT ]
What really happened in this match?
Wolo.gg analyzes every decision: build order, eco, micro, common mistakes by bracket. Personalized analysis on WhatsApp or Discord in 30 seconds.
Civ guide
Byzantines
Perfil
Jugador #25845906